AoeStats
← miscussi

Scandinavia

510880260Analyzed
1v1 RM · 6h ago on Oct 2, 2026· 45m 12s· 2 players
Game mode
Random Map
Map size
Tiny (2 player)
Population
200
Speed
Normal
Resources
Standard
Victory
Conquest
Starting age
Dark Age
Ending age
Imperial Age
RankedLock teamsTeams togetherTeam positionsShared explorationLock speedFull tech treeHidden civsTurbo modeCheats
Victory
Defeat
🇨🇴 Franks · Colombia
916
+16
🇦🇷 Magyars · Argentina
908
-16
miscussi
1:53 Loom
11:29 Feudal Age
15:32 Double-Bit Axe
19:01 Castle Age
17:37 Horse Collar
19:59 Scale Barding Armor
21:16 Bloodlines
21:41 Fishing Lines
22:44 Light Cavalry
25:39 Gold Mining
26:58 Wheelbarrow
27:24 Husbandry
27:57 Pikeman
29:18 Chain Barding Armor
29:36 Town Watch
30:37 Bow Saw
33:00 Hand Cart
36:16 Imperial Age
36:03 Scale Mail Armor
37:53 Halberdier
42:14 Ballistics
41:50 Fletching
42:00 Padded Archer Armor
43:14 Bodkin Arrow
43:34 Leather Archer Armor
44:59 Chemistry
blackstail11
9:42 Feudal Age
9:10 Loom
13:07 Double-Bit Axe
20:36 Castle Age
19:46 Wheelbarrow
19:57 Scale Barding Armor
20:38 Forging
21:08 Pikeman
25:48 Chain Barding Armor
26:47 Gold Mining
27:13 Bow Saw
27:31 Stone Mining
28:50 Hand Cart
34:36 Imperial Age
32:27 Fletching
35:07 Cavalier
35:54 Padded Archer Armor
36:30 Plate Barding Armor
37:30 Medium Warships
37:45 Elite Throwing Axeman
39:30 Leather Archer Armor
39:11 Bodkin Arrow
39:41 Halberdier
Connection lost

Rejoining the realm…

Still unreachable

The connection could not be restored.

Session expired

The server has moved on; the page needs a fresh start.